 Dungeon Crawl Stone Soup version 0.21.1-1-g345015fe64 (webtiles) character file.

599678 DildoBatman the Metallomancer (level 27, -9/203 (204) HPs)
             Began as a Formicid Enchanter on Apr 12, 2018.
             Was the Champion of Sif Muna.
             Splashed by an acid blob's acid (11 damage)
             ... on level 5 of the Pits of Slime on Apr 16, 2018.
             The game lasted 11:18:46 (93118 turns).

DildoBatman the Metallomancer (Formicid Enchanter) Turns: 93118, Time: 11:18:47

HP:   -9/203 (204)  AC: 13    Str: 23 (24) XL:     27
MP:   33/37         EV: 16    Int: 19      God:    Sif Muna [******]
Gold: 5905          SH: 23    Dex: 15      Spells: 4/56 levels left

rFire    . . .     SeeInvis +   a - +7 lajatang of Order {silver, rMut}
rCold    + . .     Gourm    .   t - +2 large shield {rN+}
rNeg     + . .     Faith    +   p - +1 plate armour of Daisies {Slay+6}
rPois    .         Spirit   .   (helmet unavailable)
rElec    .         Reflect  .   l - +2 cloak
rCorr    .         Harm     .   K - +2 pair of gloves {archery}
rMut     +                      R - +1 pair of boots {Stlth+}
MR       +++..                  E - amulet of Befeteu {Faith Str+4}
Stlth    ++........             C - ring "Gauzxay" {EV+5 Dex+4}
HPRegen  0.43/turn              D - ring "Udism" {rC+ MR+ Slay+1}
MPRegen  0.25/turn

@: corroded, studying Ice Magic
A: permanent stasis, dig shafts and tunnels, four strong arms, antennae 3,
molten scales 1, slimy green scales 1, deterioration 2, low mp 1, weak 1,
MP-powered wands
}: 2/15 runes: decaying, gossamer
a: Dig, Shaft Self, Divine Energy, Channel Magic, Forget Spell, Renounce
Religion


You were on level 5 of the Pits of Slime.
You worshipped Sif Muna.
Sif Muna was exalted by your worship.
You were hungry.

You visited 13 branches of the dungeon, and saw 54 of its levels.
You also visited: Trove and Desolation.

You collected 6009 gold pieces.
You spent 104 gold pieces at shops.

Inventory:

Hand Weapons
 a - the +7 lajatang of Order (weapon) {silver, rMut}
   (You took it off a deep elf sorcerer on level 3 of the Elven Halls)

   It protects you from mutation.
 b - the +3 hunting sling of Impatience {flame, rF+++ Str-3 Int+6 Dex-2}
   (You found it on level 3 of the Elven Halls)

   It causes projectiles fired from it to burn those they strike, causing extra
   injury to most foes and up to half again as much damage against particularly
   susceptible opponents.
   It affects your strength (-3).
   It affects your intelligence (+6).
   It affects your dexterity (-2).
   It renders you almost immune to fire.
 e - a +5 antimagic lajatang
Armour
 l - a +2 cloak (worn)
 o - the +2 robe of Vines {NoPotionHeal Regen+7}
   (You found it in the Desolation of Salt)

   It increases your rate of regeneration.
 p - the +1 plate armour of Daisies (worn) {Slay+6}
   (You took it off a deep elf high priest on level 3 of the Elven Halls)

   It affects your accuracy and damage with ranged weapons and melee attacks
   (+6).
 t - a +2 large shield of positive energy (worn)
 K - a +2 pair of gloves of archery (worn)
 R - a +1 pair of boots of stealth (worn)
Magical Staves
 c - an uncursed staff of energy
Jewellery
 h - the ring "Meodoc" {rPois rF- rC+ rN+}
   (You found it in a treasure trove)

   [ring of positive energy]

   It makes you vulnerable to fire.
   It protects you from cold.
   It protects you from poison.
   It protects you from negative energy.
 s - the ring of Poanok {*Slow Int+4 Dex+7 Stlth+}
   (You found it in a treasure trove)

   [ring of stealth]

   It affects your intelligence (+4).
   It affects your dexterity (+7).
   It may slow you when you take damage.
   It makes you more stealthy.
 u - an uncursed ring of protection from fire
 A - the ring of Cifig {Ice rPois Int+5}
   (You found it on level 1 of the Depths)

   [ring of ice]

   It enhances your ice magic.
   It affects your intelligence (+5).
   It makes you vulnerable to fire.
   It protects you from cold.
   It protects you from poison.
 B - an uncursed ring of resist corrosion
 C - the ring "Gauzxay" (left hand) {EV+5 Dex+4}
   (You found it in a treasure trove)

   [ring of evasion]

   It affects your evasion (+5).
   It affects your dexterity (+4).
 D - the ring "Udism" (right hand) {rC+ MR+ Slay+1}
   (You found it in a treasure trove)

   [ring of slaying]

   It affects your accuracy and damage with ranged weapons and melee attacks
   (+1).
   It protects you from cold.
   It affects your resistance to hostile enchantments.
 E - the amulet of Befeteu (around neck) {Faith Str+4}
   (You found it in a treasure trove)

   [amulet of faith]

   It allows you to gain divine favour quickly.
   It affects your strength (+4).
 F - the ring "Qiciox" {+Fly MP+9 Int+3}
   (You found it on level 3 of the Depths)

   [ring of flight]

   It affects your intelligence (+3).
   It affects your magic capacity (+9).
   It lets you fly.
 L - the ring "Kigoran" {rC+ rN+ MP+9}
   (You took it off a skeletal warrior on level 2 of the Crypt)

   [ring of positive energy]

   It protects you from cold.
   It protects you from negative energy.
   It affects your magic capacity (+9).
 Z - the ring "Yderobum" {rElec MP+9 Int+3 SInv}
   (You found it in the Desolation of Salt)

   [ring of magical power]

   It affects your intelligence (+3).
   It insulates you from electricity.
   It affects your magic capacity (+9).
   It lets you see invisible.
Scrolls
 x - 24 scrolls of remove curse
 y - 12 scrolls of magic mapping
 z - 20 scrolls of identify
Potions
 q - 13 potions of heal wounds
 N - 14 potions of curing
 Y - 5 potions of cancellation
Books
 d - Sif Muna's Volume of Assistive Execration
   (Sif Muna gifted it to you on level 2 of the Pits of Slime)

   Spells                             Type                      Level
   a - Corona                         Hexes                        1
   b - Inner Flame                    Hexes/Fire                   3
   c - Yara's Violent Unravelling     Hexes/Transmutation          5
   d - Death's Door                   Charms/Necromancy            8
   e - Discord                        Hexes                        8
 f - Sif Muna's Papyrus of Feathers and Moulding
   (Sif Muna gifted it to you on level 3 of the Pits of Slime)

   Spells                             Type                      Level
   a - Beastly Appendage              Transmutation                1
   b - Summon Lightning Spire         Summoning/Air                4
   c - Silence                        Hexes/Air                    5
   d - Dragon Form                    Transmutation                7
 g - Judanoun's Grimoire of Ghastly Summoning
   (Sif Muna gifted it to you on level 5 of the Pits of Slime)

   Spells                             Type                      Level
   a - Sublimation of Blood           Necromancy                   2
   b - Summon Guardian Golem          Hexes/Summoning              3
   c - Borgnjor's Vile Clutch         Necromancy/Earth             5
   d - Spellforged Servitor           Conjuration/Summoning        7
   e - Summon Greater Demon           Summoning                    7
   f - Borgnjor's Revivification      Necromancy                   8
 V - a manual of Ice Magic
Miscellaneous
 i - the horn of Geryon
 n - a phial of floods
 I - a lamp of fire
 P - a lightning rod (4/4)
Comestibles
 v - 56 rations


   Skills:
 - Level 14.0 Fighting
   Level 1.0 Short Blades
   Level 3.9(5.0) Axes
   Level 4.5(10.5) Polearms
 - Level 13.7(14.0) Staves
 - Level 11.0 Armour
 - Level 8.0 Dodging
 - Level 14.0 Stealth
 - Level 16.0 Shields
 - Level 15.0 Spellcasting
 - Level 8.0 Conjurations
 * Level 19.3 Hexes
 - Level 11.0 Charms
 - Level 12.0 Summonings
 - Level 12.0 Necromancy
 - Level 14.0 Transmutations
 * Level 13.0 Ice Magic
 - Level 9.0 Air Magic
 - Level 24.0 Earth Magic
 - Level 13.0 Poison Magic
 - Level 8.0 Evocations


You had 4 spell levels left.
You knew the following spells:

 Your Spells              Type           Power        Failure   Level  Hunger
a - Slow                  Hex            ######..     1%          2    None
b - Confuse               Hex            ######..     1%          3    None
c - Spectral Weapon       Hex/Chrm       ######..     1%          3    None
d - Regeneration          Chrm/Necr      ######....   1%          3    None
e - Mephitic Cloud        Conj/Pois/Air  ######..     2%          3    None
f - Summon Mana Viper     Hex/Summ       ######..     2%          5    ###....
g - Statue Form           Tmut/Erth      ######...    3%          6    #####..
h - Swiftness             Chrm/Air       ######..     1%          2    None
i - Invisibility          Hex            ######..     2%          6    #####..
j - Silence               Hex/Air        ######....   4%          5    ###....
k - Aura of Abjuration    Summ           ######....   10%         5    ###....
l - Lee's Rapid Deconstr  Erth           #######...   1%          5    ###....
m - Passwall              Tmut/Erth      ######....   1%          2    None
z - Sublimation of Blood  Necr           ######....   1%          2    None


Dungeon Overview and Level Annotations

Branches:
Dungeon (15/15)            Temple (1/1) D:4            Lair (6/6) D:9
  Swamp (4/4) Lair:3       Spider (4/4) Lair:3        Slime (5/5) Lair:6
    Orc (2/2) D:9             Elf (3/3) Orc:2        Vaults (4/5) D:14
  Crypt (3/3) Vaults:3       Tomb (1/3) Crypt:3      Depths (5/5) D:15
   Hell (1/1)                 Dis (0/7) Hell            Geh (0/7) Hell
    Coc (0/7) Hell            Tar (0/7) Hell            Zot (0/5) Depths:5

Altars:
Ashenzari
Cheibriados
Dithmenos
Elyvilon
Fedhas
Gozag
Hepliaklqana
Kikubaaqudgha
Makhleb
Nemelex Xobeh
Okawaru
Qazlal
Ru
Sif Muna
Trog
Uskayaw
Vehumet
Wu Jian
Xom
Yredelemnul
Zin
The Shining One
Jiyva

Shops:
D:7 *   Orc:1 !   Orc:2 *?*![   Elf:1 :?}}   Vaults:2 [   Depths:5 *

Portals:
Hell: Depths:1 Depths:2 Depths:3 Depths:4 Depths:5
Abyss: Depths:2 Depths:4
Pandemonium: Depths:1 Depths:2 Depths:3 Depths:5
Ziggurat: Depths:3

Annotations:
Slime:5 Royal Jelly
Depths:3 2 transporters


Innate Abilities, Weirdness & Mutations

You cannot be hasted, slowed, berserked, paralysed or teleported.
You can dig through walls and to a lower floor.
Your four strong arms can wield two-handed weapons with a shield.
You have a pair of large antennae on your head. (SInv)
You are partially covered in molten scales. (AC +2)
You are partially covered in slimy green scales. (AC +2)
Your body often deteriorates upon taking damage.
Your magical capacity is low. (-10% MP)
You are weak. (Str -2)
You expend magic power (3 MP) to strengthen your wands.


Message History

The acid burns!
The acid blob spits acid at you. The splash of acid hits you!
You are splashed with acid!
The acid burns!
The acid blob spits acid at you. The splash of acid hits you!
The acid corrodes you!
You are splashed with acid!
The acid burns!
The acid blob spits acid at you. The splash of acid hits you!
You are splashed with acid!
The acid burns!
There is a stone staircase leading up, spattered with blood here.
The acid blob spits acid at you. The splash of acid hits you!
You are splashed with acid!
The acid burns!
You die...

#.#... ##.#..#####.....
##...............
###................
##..................
#...................
#...................
###.................. ##
##...@................
#.##.....................
###......J.................
#..........................
#..........................
#..........J...............
..#.........J................
#...................####.####
#.................## #.


You could see 2 acid blobs and an azure jelly.

Vanquished Creatures
  Dissolution (Slime:3)
  The ghost of YetiFiasco the Minotaur Barricade, a legendary MiBe of Trog (Slime:4)
  Mara (Spider:3)
  A greater mummy (Tomb:1)
  Margery (Vaults:2)
  A curse toe (Crypt:3)
  Geryon (Hell)
  A golden dragon (Depths:4)
  The ghost of Ursun the Acrobat, an adept MiMo of Okawaru (Depths:2)
  A bone dragon (Depths:5)
  11 liches
  2 tentacled monstrosities
  A shard shrike zombie (Crypt:3)
  Rupert (D:12)
  A deep elf blademaster (Elf:2)
  2 quicksilver dragons
  19 acid blobs
  2 deep elf master archers (Elf:3)
  3 titans
  11 ancient champions
  14 sphinxes
  2 shadow dragons (Depths:4)
  Frances (D:12)
  4 thorn hunters
  A draconian monk (Depths:5)
  2 storm dragons
  14 azure jellies
  4 tengu reavers (Depths:4)
  Donald (Elf:2)
  14 fire giants
  5 revenants
  Aizul (Swamp:1)
  2 ghost moths (Spider:4)
  15 frost giants
  An imperial myrmidon (Desolation)
  A balrug (Depths:1)
  7 deep elf sorcerers
  7 deep elf elementalists
  An orc warlord (D:9)
  14 vault wardens
  6 emperor scorpions
  2 curse skulls (Crypt:3)
  6 ghouls
  4 iron dragons
  10 reapers
  A juggernaut skeleton (Crypt:1)
  4 spriggan defenders
  19 stone giants
  34 very ugly things
  2 war gargoyles
  14 ironheart preservers
  4 draconian stormcallers (Depths:5)
  The ghost of martbhell the Warrior, a journeyman MiBe of Trog (Slime:2)
  5 entropy weavers
  2 bennus (Tomb:1)
  5 vampire knights
  5 deep elf annihilators
  2 lorocyprocas (Hell)
  A green draconian (Depths:5)
  A purple draconian (Depths:5)
  4 deep elf demonologists
  A dire elephant (D:15)
  A red draconian (Depths:5)
  A black draconian (Depths:5)
  Snorg (Lair:6)
  3 halazid warlocks (Desolation)
  4 spark wasps
  5 death oozes
  A merfolk javelineer (Depths:5)
  2 blizzard demons (Hell)
  An eidolon (Crypt:2)
  2 crystal guardians (Desolation)
  A merfolk impaler (Depths:1)
  5 jiangshi
  12 ettins
  9 deep elf death magi
  A great orb of eyes (shapeshifter) (Depths:4)
  5 mummy priests (Tomb:1)
  14 fire dragons
  3 deep elf high priests
  10 ragged hierophants (Desolation)
  15 great orbs of eyes
  A quicksilver dragon zombie (Tomb:1)
  The ghost of error the Zephyrmancer, a journeyman OpAE of Hepliaklqana (Lair:3)
  20 yaktaur captains
  33 hydras
  2 kraken zombies (Hell)
  3 rakshasas
  5 peacekeepers (Desolation)
  A caustic shrike simulacrum (Depths:3)
  9 servants of whispers (Desolation)
  14 ice dragons
  12 vault guards
  2 spriggan air magi
  A ghost crab (Swamp:2)
  A monstrous demonspawn (Depths:2)
  A death knight (Vaults:2)
  3 hell beasts
  5 death scarabs (Tomb:1)
  19 dancing weapons
  8 deep troll shamans
  4 hell hogs
  14 alligators
  6 tengu warriors
  10 centaur warriors
  8 death yaks
  7 ogre magi
  3 orc high priests
  14 two-headed ogres
  6 spriggans
  10 deep troll earth magi
  A shock serpent (shapeshifter) (Vaults:2)
  3 spriggan berserkers (Depths:4)
  4 vampire magi
  9 soul eaters
  7 sun demons
  15 deep elf knights
  A titan skeleton (Crypt:1)
  A fire crab (shapeshifter) (D:15)
  An iron troll (Depths:4)
  A spark wasp zombie (Depths:1)
  3 shadow wraiths
  7 glowing orange brains
  48 skeletal warriors
  26 hell knights
  18 deep trolls
  An entropy weaver zombie (Crypt:2)
  2 spriggan druids
  A shadow demon (Depths:2)
  12 swamp dragons
  8 wizards
  7 unseen horrors
  4 flayed ghosts
  17 deep elf archers
  2 shambling mangroves
  A shadow dragon zombie (Crypt:3)
  3 anaconda skeletons
  3 lindwurms (Swamp:3)
  A kraken simulacrum (Hell)
  19 ironbrand convokers
  14 necromancers
  17 orc knights
  2 phantasmal warriors (Crypt:3)
  An iron giant skeleton (Crypt:2)
  6 harpies
  A shadow dragon skeleton (Crypt:1)
  58 deep elf magi
  19 orb spiders
  An oklob plant (D:14)
  A harpy (shapeshifter) (Depths:2)
  57 ugly things
  15 orc sorcerers
  10 shining eyes
  3 moths of wrath
  2 frost giant zombies (Depths:1)
  37 wolf spiders
  11 cyclopes
  8 manticores
  A manticore (shapeshifter) (Vaults:3)
  4 human skeletons (Vaults:3)
  A stone giant skeleton (Vaults:2)
  3 elephants (Lair:6)
  An iron dragon skeleton (Crypt:3)
  A frost giant skeleton (Depths:1)
  3 smoke demons (Hell)
  9 black mambas
  9 vault sentinels
  A spiny frog (shapeshifter) (Vaults:2)
  A black mamba (shapeshifter) (Vaults:2)
  6 guardian serpents
  5 rust devils
  3 eyes of devastation (Slime:5)
  A titan simulacrum (Crypt:1)
  A naga mage (D:15)
  An alligator snapping turtle zombie (Crypt:2)
  5 centaur skeletons
  2 torpor snails
  2 molten gargoyles (Desolation)
  A fire giant skeleton (Vaults:3)
  5 spectral swamp worms (Depths:5)
  52 yaktaurs
  A rime drake (Depths:2)
  17 spiny frogs
  3 freezing wraiths
  A dire elephant skeleton (Crypt:3)
  A hellion (Hell)
  A kobold demonologist (D:14)
  An efreet (D:15)
  18 demonic crawlers
  A komodo dragon (shapeshifter) (Vaults:3)
  4 komodo dragons
  2 yaktaurs (shapeshifter)
  A tengu conjurer (Depths:1)
  9 red devils
  A hydra zombie (Crypt:3)
  12 guardian mummies (Tomb:1)
  16 trolls
  44 jumping spiders
  2 queen bees (shapeshifter)
  3 polar bears
  A wind drake (shapeshifter) (D:15)
  3 meliai (D:14)
  A harpy zombie (Crypt:1)
  8 tyrant leeches
  23 hornets
  A hornet (shapeshifter) (Vaults:4)
  A yaktaur skeleton (Vaults:3)
  70 saltlings (Desolation)
  142 slime creatures
  A sphinx simulacrum (Vaults:2)
  7 bog bodies
  25 blink frogs
  2 hydra skeletons (Hell)
  6 dream sheep (Lair:6)
  10 hippogriffs
  A stone giant simulacrum (Vaults:3)
  An alligator zombie (Hell)
  A fire giant simulacrum (Crypt:2)
  A flying skull (Crypt:3)
  An ice dragon skeleton (Crypt:2)
  59 redbacks
  4 wraiths
  25 tarantellas
  An air elemental (Elf:2)
  4 ettin skeletons (Vaults:3)
  A tarantella (shapeshifter) (Vaults:1)
  9 wyverns
  10 water elementals
  4 shadows
  10 fire elementals
  An ushabti (Tomb:1)
  35 yaks
  A vampire (D:14)
  3 hogs
  17 humans
  A hungry ghost (D:13)
  6 basilisks
  5 golden eyes
  A golden eye (shapeshifter) (Vaults:1)
  12 vampire mosquitoes
  4 elf skeletons
  Grum (Lair:1)
  2 human zombies (Vaults:2)
  23 swamp worms
  4 acid dragons
  3 wargs
  A harpy simulacrum (Crypt:1)
  A soldier ant (D:12)
  16 hell hounds
  4 insubstantial wisps (Swamp:1)
  13 porcupines
  24 water moccasins
  Duvessa (D:7)
  A spiny frog zombie (Hell)
  A floating eye (Slime:4)
  An infernal demonspawn skeleton (Crypt:3)
  47 orc warriors
  5 ice beasts
  2 phantoms
  8 swamp drakes
  A hornet zombie (D:13)
  3 black bears
  13 eyes of draining
  5 necrophages
  27 boggarts
  17 centaurs
  25 ogres
  9 wolves
  11 crocodiles
  3 big kobolds
  A fire crab zombie (Crypt:3)
  A big kobold (shapeshifter) (Vaults:2)
  2 earth elementals
  19 bullfrogs
  A hippogriff skeleton (Crypt:1)
  2 gnoll sergeants
  Dowan (D:7)
  A draconian skeleton (Crypt:1)
  4 scorpions
  A human simulacrum (Vaults:4)
  An orc simulacrum (Vaults:1)
  A queen bee zombie (Crypt:1)
  4 killer bees
  A manticore simulacrum (Crypt:2)
  A warg skeleton (Crypt:3)
  An electric eel (Lair:3)
  5 wights (D:14)
  A howler monkey (D:4)
  13 crimson imps
  A wolf skeleton (Crypt:2)
  2 bullfrog zombies (D:11)
  6 centaur zombies
  3 jellies
  36 orc priests
  A bullfrog skeleton (D:11)
  10 hounds
  43 orc wizards
  2 iguanas
  Natasha (thrice) (D:1)
  11 worker ants
  4 hell rats
  A killer bee zombie (D:9)
  A tengu zombie (Crypt:2)
  A deep dwarf skeleton (Crypt:1)
  3 hound zombies
  11 mummies (Tomb:1)
  A worker ant zombie (Crypt:2)
  15 gnolls
  13 adders
  2 shadow imps
  A steam dragon skeleton (Crypt:3)
  An ufetubus (Depths:5)
  An adder zombie (D:5)
  3 adder skeletons (D:4)
  A halfling skeleton (Crypt:2)
  3 worms
  A barachi zombie (Crypt:3)
  3 dart slugs (D:2)
  4 leopard geckos
  125 orcs
  5 giant cockroaches
  16 goblins
  9 hobgoblins
  13 jackals
  4 quokkas
  2 ball pythons
  3 bats
  10 frilled lizards
  A hobgoblin zombie (Crypt:2)
  19 kobolds
  A leopard gecko skeleton (D:4)
  A quokka skeleton (D:7)
  12 rats
  A river rat skeleton (Crypt:1)
  2 crawling corpses (Elf:3)
  14 fungi
  A pillar of salt (Vaults:3)
  17 plants
  13 spectral weapons
  7 tentacles (Hell)
2687 creatures vanquished.

Vanquished Creatures (collateral kills)
  2 ghost moths (Spider:4)
  A spark wasp (Spider:4)
  A deep elf high priest (Elf:3)
  A ragged hierophant (Desolation)
  5 dancing weapons
  A deep elf knight (Elf:3)
  A skeletal warrior (Depths:1)
  A hell knight (Hell)
  A shambling mangrove (Swamp:3)
  A swamp dragon (Swamp:3)
  A deep elf mage (Elf:3)
  An obsidian statue (D:15)
  A necromancer (Vaults:3)
  An orb spider (Spider:4)
  A shining eye (Slime:4)
  2 oklob plants (Lair:6)
  2 jumping spiders
  2 hornets
  2 saltlings (Desolation)
  A slime creature (Slime:4)
  2 redbacks
  A tarantella (Spider:1)
  A golden eye (Slime:3)
33 creatures vanquished.

Vanquished Creatures (others)
  A lich (Depths:4)
  A rakshasa (Depths:3)
  A centaur warrior (Vaults:2)
  A skeletal warrior (Tomb:1)
  A deep elf mage (Elf:2)
  A wizard (Vaults:3)
  A necromancer (Depths:1)
  3 yaktaurs
  A boggart (Vaults:2)
  A centaur (Vaults:2)
  An orc priest (Orc:1)
  2 mummies (Tomb:1)
  36 fulminant prisms
  15 fungi
  8 pillars of salt (Vaults:3)
  13 plants
  143 spectral weapons
  16 tentacles (Hell)
246 creatures vanquished.

Grand Total: 2966 creatures vanquished

Notes
Turn   | Place    | Note
-------+----------+-------------------------------------------
     0 | D:1      | DildoBatman the Formicid Enchanter began the quest for the Orb.
     0 | D:1      | Reached XP level 1. HP: 13/13 MP: 3/3
   133 | D:1      | Reached skill level 1 in Fighting
   265 | D:1      | Reached XP level 2. HP: 22/22 MP: 3/5
  1063 | D:1      | Reached XP level 3. HP: 28/28 MP: 6/6
  1068 | D:1      | Learned a level 3 spell: Confuse
  1294 | D:2      | Reached XP level 4. HP: 24/35 MP: 3/7
  1343 | D:2      | Reached skill level 1 in Armour
  1664 | D:2      | Noticed Natasha
  1689 | D:3      | Found a faded altar of an unknown god.
  1808 | D:3      | Reached XP level 5. HP: 27/41 MP: 4/8
  1952 | D:3      | Noticed an ogre
  2515 | D:2      | Found a blossoming altar of Fedhas.
  2613 | D:3      | Found a bloodstained altar of Trog.
  2613 | D:3      | Noticed an eye of draining
  3409 | D:4      | Found a sacrificial altar of Ru.
  3412 | D:4      | Found a sparkling altar of Nemelex Xobeh.
  3452 | D:4      | Reached XP level 6. HP: 24/49 MP: 0/9
  3633 | D:4      | Found a shadowy altar of Dithmenos.
  3953 | D:4      | Reached skill level 5 in Fighting
  4063 | D:4      | Noticed an ogre
  4335 | D:4      | Noticed a phantom
  4340 | D:4      | Found a staircase to the Ecumenical Temple.
  4347 | Temple   | Entered the Ecumenical Temple
  4436 | Temple   | Became a worshipper of Sif Muna the Loreminder
  4455 | Temple   | Reached XP level 7. HP: 53/56 MP: 8/10
  4866 | D:4      | Reached skill level 5 in Hexes
  5287 | D:4      | Reached * piety under Sif Muna
  5420 | D:4      | Reached XP level 8. HP: 52/62 MP: 12/12
  5520 | D:5      | Entered Level 5 of the Dungeon
  5875 | D:5      | Found an opulent altar of Gozag.
  5964 | D:5      | Found an iron altar of Okawaru.
  6695 | D:3      | Reached ** piety under Sif Muna
  6855 | D:1      | Killed Natasha
  6891 | D:1      | Noticed Natasha
  6898 | D:1      | Killed Natasha
  6945 | D:1      | Noticed Natasha
  6955 | D:1      | Killed Natasha
  7209 | D:6      | Got an ichor-stained dagger
  7723 | D:5      | Reached XP level 9. HP: 48/68 MP: 4/15
  7843 | D:5      | Reached skill level 10 in Hexes
  8084 | D:6      | Found a shattered altar of Ashenzari.
  8142 | D:6      | Reached *** piety under Sif Muna
  8187 | D:6      | Found a glowing golden altar of the Shining One.
  8187 | D:6      | Found a glowing silver altar of Zin.
  8320 | D:6      | Reached skill level 5 in Spellcasting
  8730 | D:7      | Identified the Disquisition on Warped Sinister Magic
  8991 | D:7      | Found Gozag's Platinum Reserve.
  8993 | D:7      | Found an opulent altar of Gozag.
  9021 | D:7      | Noticed Duvessa
  9022 | D:7      | Noticed Dowan
  9069 | D:7      | Killed Duvessa
  9081 | D:7      | Killed Dowan
  9653 | D:7      | Reached XP level 10. HP: 74/74 MP: 11/17
  9847 | D:8      | Learned a level 3 spell: Spectral Weapon
  9851 | D:8      | Learned a level 3 spell: Regeneration
  9994 | D:8      | Reached skill level 1 in Polearms
 10134 | D:8      | Reached skill level 1 in Charms
 10134 | D:8      | Reached skill level 1 in Necromancy
 10734 | D:8      | Reached skill level 5 in Stealth
 10847 | D:8      | Reached **** piety under Sif Muna
 10958 | D:8      | Reached skill level 5 in Armour
 11397 | D:9      | Found a staircase to the Lair.
 11816 | D:9      | Found a staircase to the Orcish Mines.
 11872 | D:9      | Reached XP level 11. HP: 64/80 MP: 20/20
 11960 | D:9      | Noticed a two-headed ogre
 11982 | D:9      | Killed a two-headed ogre
 12532 | D:9      | Identified the cursed +1 dagger of Dithmenos's Delight {vamp, *Rage +Fly rElec Dex+3} (You found it on level 6 of the Dungeon)
 12561 | D:10     | Entered Level 10 of the Dungeon
 12730 | D:10     | Reached skill level 1 in Axes
 13758 | D:11     | Noticed a cyclops
 13965 | D:11     | Killed a cyclops
 13965 | D:11     | Reached ***** piety under Sif Muna
 13965 | D:11     | Identified Sif Muna's Reference Book on Beguiling and Summoning (Sif Muna gifted it to you on level 11 of the Dungeon)
 13965 | D:11     | Received a gift from Sif Muna
 13970 | D:11     | Learned a level 2 spell: Slow
 14237 | D:11     | Noticed an unseen horror
 14337 | D:11     | Reached XP level 12. HP: 90/90 MP: 21/22
 14535 | D:11     | Killed an unseen horror
 14688 | D:12     | Noticed an unseen horror
 14714 | D:12     | Killed an unseen horror
 14714 | D:12     | Reached skill level 5 in Necromancy
 14957 | D:12     | Reached skill level 5 in Charms
 15049 | D:12     | Noticed Frances
 15173 | Lair:1   | Entered Level 1 of the Lair of Beasts
 15790 | Lair:1   | Noticed Grum
 15801 | Lair:1   | Killed Grum
 16404 | Lair:2   | Identified Sif Muna's Papyrus of Twisted Ice (Sif Muna gifted it to you on level 2 of the Lair of Beasts)
 16404 | Lair:2   | Received a gift from Sif Muna
 16715 | Lair:2   | Reached XP level 13. HP: 75/95 MP: 21/24
 17071 | Lair:3   | Found a hole to the Spider Nest.
 17136 | Lair:3   | Noticed error's ghost (journeyman OpAE)
 17334 | Lair:3   | Found a staircase to the Swamp.
 17497 | Lair:3   | Noticed a four-headed hydra
 17511 | Lair:3   | Killed a four-headed hydra
 17511 | Lair:3   | Reached skill level 5 in Dodging
 17552 | Lair:3   | Got a slimy robe
 17645 | Lair:3   | Identified the +2 robe of the Guardian {rPois Regen+} (You found it on level 3 of the Lair of Beasts)
 18202 | Orc:1    | Entered Level 1 of the Orcish Mines
 18456 | D:9      | Reached skill level 15 in Hexes
 19287 | Orc:1    | Noticed an orc warlord
 19576 | D:9      | Killed an orc warlord
 20191 | Orc:1    | Identified Sufeloe's Tome of Confrontation and Moulding (Sif Muna gifted it to you on level 1 of the Orcish Mines)
 20191 | Orc:1    | Received a gift from Sif Muna
 20399 | Orc:1    | Found Riet Nulil's Distillery.
 20525 | Orc:1    | Noticed an ettin
 20551 | Orc:1    | Killed an ettin
 20551 | Orc:1    | Reached XP level 14. HP: 91/104 MP: 6/26
 20684 | Orc:2    | Entered Level 2 of the Orcish Mines
 20765 | Orc:2    | Found Fiubbu's Armour Emporium.
 20804 | Orc:2    | Noticed a stone giant
 20858 | Orc:1    | Killed a stone giant
 20947 | Orc:2    | Learned a level 3 spell: Mephitic Cloud
 21010 | Orc:2    | Found a staircase to the Elven Halls.
 21551 | Orc:2    | Reached skill level 1 in Poison Magic
 21627 | Orc:2    | Reached skill level 1 in Conjurations
 21777 | Orc:2    | Reached skill level 1 in Air Magic
 21859 | Orc:2    | Found Yxamn's Magic Scroll Emporium.
 21859 | Orc:2    | Found Fugif's General Store.
 21865 | Orc:2    | Found Ikkador's Distillery.
 21904 | Orc:2    | Found Winubium's General Store.
 22052 | Orc:2    | Bought a potion of mutation for 104 gold pieces
 22181 | D:9      | Gained mutation: You are partially covered in molten scales. (AC +2) [potion of mutation]
 22181 | D:9      | Gained mutation: You are partially covered in slimy green scales. (AC +2) [potion of mutation]
 23546 | Lair:5   | Identified Ebyalaat's Reference Book on Ensnaring Dark Secrets (Sif Muna gifted it to you on level 5 of the Lair of Beasts)
 23546 | Lair:5   | Received a gift from Sif Muna
 23566 | Lair:5   | Learned a level 2 spell: Sublimation of Blood
 24124 | Lair:6   | Entered Level 6 of the Lair of Beasts
 24253 | Lair:6   | Found a staircase to the Slime Pits.
 24343 | Lair:5   | Reached XP level 15. HP: 86/112 MP: 16/27
 25089 | Lair:6   | Reached skill level 5 in Poison Magic
 25694 | Lair:6   | Noticed Snorg
 25718 | Lair:6   | Killed Snorg
 25718 | Lair:6   | Reached skill level 10 in Fighting
 25730 | Lair:6   | Received a gift from Sif Muna
 26204 | D:12     | Reached skill level 10 in Stealth
 27361 | D:14     | Found a gate to the Vaults.
 27361 | D:14     | Noticed Rupert
 27377 | D:14     | Found a deep blue altar of Sif Muna.
 27673 | D:13     | Reached skill level 10 in Spellcasting
 27999 | D:14     | Reached XP level 16. HP: 121/121 MP: 17/30
 28335 | D:14     | Identified Sif Muna's Catalogue of Cankerous Companions (Sif Muna gifted it to you on level 14 of the Dungeon)
 28335 | D:14     | Received a gift from Sif Muna
 28345 | D:14     | Learned a level 5 spell: Summon Mana Viper
 28659 | D:14     | Reached ****** piety under Sif Muna
 29088 | D:15     | Entered Level 15 of the Dungeon
 29151 | D:15     | Reached skill level 1 in Summonings
 29402 | D:15     | Reached skill level 5 in Conjurations
 29876 | D:15     | Found a staircase to the Depths.
 30370 | Elf:1    | Entered Level 1 of the Elven Halls
 30469 | Elf:1    | Reached skill level 5 in Air Magic
 30677 | Lair:3   | Killed error's ghost
 30740 | Spider:1 | Entered Level 1 of the Spider Nest
 31544 | Spider:1 | You fall through a shaft!
 31802 | Spider:2 | Identified Sif Muna's Tome of Air (Sif Muna gifted it to you on level 2 of the Spider Nest)
 31802 | Spider:2 | Received a gift from Sif Muna
 31831 | Spider:2 | Learned a level 5 spell: Silence
 32306 | Spider:1 | Reached skill level 10 in Poison Magic
 32709 | Spider:2 | Reached skill level 5 in Summonings
 33194 | Spider:2 | Reached XP level 17. HP: 120/127 MP: 13/31
 34067 | Spider:3 | Noticed Mara
 34467 | Spider:3 | Identified Sif Muna's Tome of Combat Magic (Sif Muna gifted it to you on level 3 of the Spider Nest)
 34467 | Spider:3 | Received a gift from Sif Muna
 35144 | Spider:4 | Entered Level 4 of the Spider Nest
 36199 | Swamp:1  | Entered Level 1 of the Swamp
 36513 | D:9      | Learned a level 4 spell: Fulminant Prism
 36875 | Elf:1    | Found Seumoleu's Magic Scroll Shop.
 36908 | Elf:1    | Found a portal to a secret trove of treasure.
 36968 | Elf:1    | Found Ytuproec's Book Boutique.
 37527 | Elf:1    | Found Zeynuon's Gadget Emporium.
 37579 | Elf:1    | Found Seec Zoi's Gadget Boutique.
 38415 | Elf:2    | Reached XP level 18. HP: 91/136 MP: 13/32
 38765 | Elf:2    | Noticed Donald
 39158 | Elf:2    | Received a gift from Sif Muna
 39189 | Elf:2    | Learned a level 2 spell: Swiftness
 39284 | Elf:2    | Killed Donald
 39484 | Elf:2    | Found a huge runed gate.
 39484 | Elf:2    | Found a huge runed gate.
 39484 | Elf:2    | Found a huge runed gate.
 39484 | Elf:2    | Found a huge runed gate.
 39484 | Elf:2    | Found a huge runed gate.
 39648 | Elf:2    | HP: 6/136 [poisoned by a trident of venom]
 40393 | Elf:2    | Noticed a deep elf blademaster
 40413 | Elf:2    | Killed a deep elf blademaster
 40786 | Elf:2    | Reached skill level 1 in Shields
 41211 | Elf:3    | Entered Level 3 of the Elven Halls
 42875 | Elf:3    | Reached skill level 5 in Shields
 43600 | Elf:3    | Noticed a deep elf master archer
 43622 | Elf:3    | Reached XP level 19. HP: 53/143 MP: 12/34
 43625 | Elf:3    | Got a bloodstained plate armour
 43711 | Elf:3    | Identified the +1 plate armour of Daisies {Slay+6} (You took it off a deep elf high priest on level 3 of the Elven Halls)
 44351 | Elf:2    | Reached skill level 10 in Shields
 44928 | Elf:3    | Reached skill level 1 in Staves
 45158 | Elf:3    | Noticed a Brimstone Fiend
 45168 | Elf:3    | Noticed a Tzitzimitl
 45659 | Elf:3    | Got a fine hand crossbow
 45665 | Elf:3    | Got a smoking hunting sling
 45672 | Elf:3    | Identified Fuodwyq's Handbook of Earth and the Frostbite
 45676 | Elf:3    | Identified the Grimoire of Cloudy Stones
 45769 | Elf:3    | Identified the +3 hunting sling of Impatience {flame, rF+++ Str-3 Int+6 Dex-2} (You found it on level 3 of the Elven Halls)
 45777 | Elf:3    | Identified the +10 hand crossbow of Buatoraa {elec, rPois rN+ MR+ Dex+3} (You found it on level 3 of the Elven Halls)
 45855 | Elf:3    | Got a slimy arbalest
 45871 | Elf:3    | Identified Veg Obe's Collected Works on the Shifting Arsonist
 45876 | Elf:3    | Identified the +10 arbalest of Joyful Slaughter {flame, Int+3} (You found it on level 3 of the Elven Halls)
 46967 | Swamp:1  | Reached skill level 1 in Evocations
 47325 | Swamp:1  | Noticed Aizul
 48969 | Swamp:3  | Reached skill level 10 in Armour
 48972 | Swamp:3  | Identified Sif Muna's Reference Book on the Nocuous Frostbite (Sif Muna gifted it to you on level 3 of the Swamp)
 48972 | Swamp:3  | Received a gift from Sif Muna
 49352 | Swamp:3  | Reached XP level 20. HP: 138/152 MP: 28/35
 49647 | Swamp:4  | Entered Level 4 of the Swamp
 49856 | Swamp:3  | Reached skill level 5 in Staves
 49856 | Swamp:3  | Reached skill level 5 in Evocations
 50507 | Swamp:4  | Got a decaying rune of Zot
 51164 | Swamp:1  | Killed Aizul
 51807 | Spider:3 | Noticed DildoBatman's illusion
 52094 | Spider:3 | Noticed DildoBatman's illusion
 53350 | Spider:4 | Reached skill level 10 in Staves
 53623 | Spider:4 | Got a gossamer rune of Zot
 53944 | Spider:3 | Noticed DildoBatman's illusion
 54574 | D:12     | Killed Frances
 54706 | D:12     | Killed Rupert
 54706 | D:12     | Reached XP level 21. HP: 155/159 MP: 19/36
 54943 | Depths:1 | Entered Level 1 of the Depths
 54943 | Depths:1 | Found a glowing golden altar of the Shining One.
 55124 | D:15     | Received a gift from Sif Muna
 55558 | D:15     | Paralysed by fainting for 6 turns
 55772 | Depths:1 | Found a gateway to Hell.
 55902 | Depths:1 | Found a one-way gate leading to the halls of Pandemonium.
 56173 | Depths:1 | Found the +9 staff of Wucad Mu {channel}
 56267 | Depths:1 | Noticed a lich
 56289 | Depths:1 | Killed a lich
 56541 | Vaults:1 | Entered Level 1 of the Vaults
 57300 | Vaults:1 | Reached XP level 22. HP: 155/165 MP: 27/37
 58471 | Vaults:2 | Identified Sif Muna's Almanac of Glacial Companions (Sif Muna gifted it to you on level 2 of the Vaults)
 58471 | Vaults:2 | Received a gift from Sif Muna
 59513 | Vaults:2 | Reached skill level 10 in Necromancy
 59885 | Vaults:2 | Found Owkeagge's Antique Armour Boutique.
 59897 | Vaults:2 | Reached skill level 10 in Charms
 60378 | Vaults:3 | Received a gift from Sif Muna
 60415 | Vaults:3 | Found a ruined gateway.
 60442 | Desolati | Entered the Desolation of Salt
 60656 | Desolati | Found the +7 great mace "Firestarter" {inner flame, rF++}
 61268 | Desolati | Reached XP level 23. HP: 173/173 MP: 31/39
 61864 | Desolati | Got a glittering ruby amulet
 61877 | Desolati | Got a steaming broad axe
 61918 | Desolati | Identified the +7 broad axe of Ikewiukk {chop, +Inv rPois Dex-5} (You found it in the Desolation of Salt)
 61922 | Desolati | Identified the amulet "Tirubin" {RegenMP +Inv rN+ Str+2 Dex-4} (You found it in the Desolation of Salt)
 62208 | Desolati | Found the +2 robe of Vines {NoPotionHeal Regen+7}
 62261 | Desolati | Identified the Grimoire of Dusty Calling
 62291 | Desolati | Got an encrusted broad axe
 62293 | Desolati | Got a sparkling amber ring
 62566 | Desolati | Identified the cursed +0 broad axe of Makhleb's Wrath {venom, rC++ Dex-3} (You found it in the Desolation of Salt)
 62671 | Desolati | Reached skill level 10 in Summonings
 63366 | Vaults:3 | Identified the ring "Yderobum" {rElec MP+9 Int+3 SInv} (You found it in the Desolation of Salt)
 63581 | Vaults:3 | Identified Sif Muna's Incunabulum of Glacial Feathers (Sif Muna gifted it to you on level 3 of the Vaults)
 63581 | Vaults:3 | Received a gift from Sif Muna
 63778 | Vaults:3 | Noticed Margery
 63807 | Vaults:2 | Killed Margery
 64346 | Vaults:3 | Found a staircase to the Crypt.
 65040 | Vaults:3 | Reached skill level 15 in Shields
 65224 | Vaults:3 | Reached XP level 24. HP: 182/182 MP: 39/39
 67350 | Vaults:2 | Learned a level 6 spell: Statue Form
 67413 | Crypt:1  | Entered Level 1 of the Crypt
 67575 | Crypt:1  | Reached skill level 1 in Transmutations
 67575 | Crypt:1  | Reached skill level 1 in Earth Magic
 67623 | Crypt:1  | Reached skill level 2 in Earth Magic
 67842 | Crypt:1  | Reached skill level 3 in Earth Magic
 68111 | Crypt:1  | Reached skill level 4 in Earth Magic
 68317 | Crypt:1  | Identified Bikkuol's Incunabulum of Stones and Good Luck (Sif Muna gifted it to you on level 1 of the Crypt)
 68317 | Crypt:1  | Received a gift from Sif Muna
 68325 | Crypt:1  | Learned a level 5 spell: Lee's Rapid Deconstruction
 68409 | Crypt:2  | Reached skill level 5 in Earth Magic
 68524 | Crypt:2  | Reached skill level 6 in Earth Magic
 68808 | Crypt:2  | Reached skill level 7 in Earth Magic
 68970 | Crypt:3  | Entered Level 3 of the Crypt
 69019 | Crypt:2  | Reached skill level 8 in Earth Magic
 69138 | Crypt:3  | Reached skill level 9 in Earth Magic
 69181 | Crypt:3  | Noticed a curse toe
 69421 | Crypt:3  | Reached skill level 10 in Earth Magic
 69433 | Crypt:3  | Reached XP level 25. HP: 188/188 MP: 39/39
 69589 | Crypt:2  | Got a fine wooden ring
 69620 | Crypt:2  | Identified the ring "Kigoran" {rC+ rN+ MP+9} (You took it off a skeletal warrior on level 2 of the Crypt)
 69689 | Crypt:3  | Found a staircase to the Tomb.
 69828 | Crypt:2  | Reached skill level 11 in Earth Magic
 70589 | Crypt:3  | Killed a curse toe
 70589 | Crypt:3  | Reached skill level 12 in Earth Magic
 70632 | Crypt:3  | Identified Sif Muna's Reference Book on Malediction (Sif Muna gifted it to you on level 3 of the Crypt)
 70632 | Crypt:3  | Received a gift from Sif Muna
 70689 | Crypt:3  | Got an ancient bronze amulet
 70694 | Crypt:3  | Identified Khufu's Handbook of Dark Magic
 70712 | Crypt:3  | Identified the amulet of the Friends {RegenMP rElec rN++ MR+ MP-9} (You found it on level 3 of the Crypt)
 71059 | Tomb:1   | Entered Level 1 of the Tomb of the Ancients
 71467 | Tomb:1   | Reached skill level 13 in Earth Magic
 72413 | Tomb:1   | Noticed a greater mummy
 72447 | Tomb:1   | Killed a greater mummy
 73197 | D:15     | Paralysed by fainting for 7 turns
 74062 | Depths:1 | Reached skill level 5 in Transmutations
 74142 | Depths:1 | Got a fine bone ring
 74146 | Depths:1 | Got a pitted lajatang
 74215 | Depths:1 | Identified the ring of Cifig {Ice rPois Int+5} (You found it on level 1 of the Depths)
 74216 | Depths:1 | Identified the +1 lajatang "Kautem" {speed, MR+ Str+4} (You found it on level 1 of the Depths)
 74262 | Depths:1 | Received a gift from Sif Muna
 74268 | Depths:1 | Reached XP level 26. HP: 140/192 MP: 41/41
 75157 | Depths:2 | Noticed Ursun's ghost (adept MiMo)
 75204 | D:15     | Learned a level 6 spell: Invisibility
 75260 | Depths:2 | Killed Ursun's ghost
 75260 | Depths:2 | Reached skill level 10 in Transmutations
 75457 | Depths:2 | Found the +6 shillelagh "Devastator" {shatter}
 75612 | Depths:2 | Received a gift from Sif Muna
 75635 | Depths:2 | Reached skill level 14 in Earth Magic
 75909 | Depths:2 | Reached skill level 15 in Earth Magic
 75918 | Depths:2 | Found a one-way gate to the infinite horrors of the Abyss.
 76892 | Hell     | Entered the Vestibule of Hell
 76892 | Hell     | Noticed Geryon
 77010 | Depths:3 | Received a gift from Sif Muna
 77025 | Depths:3 | Reached skill level 16 in Earth Magic
 77051 | Depths:3 | Identified Sif Muna's Guide on Ensnaring Clay (Sif Muna gifted it to you on level 3 of the Depths)
 77464 | Depths:1 | Learned a level 2 spell: Passwall
 77847 | Depths:3 | Reached skill level 17 in Earth Magic
 78005 | Depths:3 | Reached skill level 18 in Earth Magic
 78126 | Depths:3 | Found a transporter.
 78127 | Depths:3 | Received a gift from Sif Muna
 78183 | Depths:3 | Reached skill level 19 in Earth Magic
 78397 | Depths:3 | Found a transporter.
 78481 | Depths:3 | Found a gateway to a ziggurat.
 79003 | Depths:3 | Reached XP level 27. HP: 164/198 MP: 39/41
 79035 | Depths:3 | Reached skill level 20 in Earth Magic
 79088 | Depths:3 | Identified Sif Muna's Handbook of Good Luck and the Snowflakes
 79118 | Depths:3 | Got a jewelled glaive
 79121 | Depths:3 | Got a pitted turquoise ring
 79129 | Depths:3 | Got a vibrating granite ring
 79251 | Depths:3 | Identified the +3 glaive of the Ecumenical Temple {chop, Str+5 Int-4 Dex+10 Stlth-} (You found it on level 3 of the Depths)
 79254 | Depths:3 | Identified the ring "Qiciox" {+Fly MP+9 Int+3} (You found it on level 3 of the Depths)
 79256 | Depths:3 | Identified the ring "Ufuyll" {Ice Str+6} (You found it on level 3 of the Depths)
 79354 | Depths:4 | Identified Sif Muna's Catalogue of Unholy Arts and Protection (Sif Muna gifted it to you on level 4 of the Depths)
 79354 | Depths:4 | Received a gift from Sif Muna
 79426 | Depths:4 | Reached skill level 21 in Earth Magic
 79545 | Depths:4 | Found a radiant altar of Vehumet.
 79545 | Depths:4 | Found a snail-covered altar of Cheibriados.
 79816 | Depths:4 | Found an opulent altar of Gozag.
 79868 | Depths:4 | Reached skill level 22 in Earth Magic
 81388 | Elf:1    | You paid a toll of +4 shadow dragon scales to enter a treasure trove
 81389 | Trove    | Entered a treasure trove
 81395 | Trove    | Got an ancient sapphire amulet
 81403 | Trove    | Got a faintly glowing tin ring
 81405 | Trove    | Got a scorched copper ring
 81407 | Trove    | Got a wavering emerald amulet
 81409 | Trove    | Got an ancient ruby amulet
 81415 | Trove    | Got a heavily runed lead ring
 81417 | Trove    | Got a translucent marble ring
 81422 | Trove    | Got a transparent bone amulet
 81424 | Trove    | Got a wavering granite ring
 81866 | Depths:4 | Received a gift from Sif Muna
 81884 | Depths:4 | Identified Sif Muna's Almanac of Fetching Transmutation (Sif Muna gifted it to you on level 4 of the Depths)
 81930 | Depths:4 | Identified the amulet of Pacoen {-Tele +Inv rN+++ Regen+} (You found it in a treasure trove)
 81931 | Depths:4 | Identified the amulet of Befeteu {Faith Str+4} (You found it in a treasure trove)
 81932 | Depths:4 | Identified the amulet of the Unstoppable Realms {Gourm +Blink} (You found it in a treasure trove)
 81933 | Depths:4 | Identified the amulet of Jafym {Regen+ Dex+6} (You found it in a treasure trove)
 81941 | Depths:4 | Identified the ring "Meodoc" {rPois rF- rC+ rN+} (You found it in a treasure trove)
 81943 | Depths:4 | Identified the ring of Sunlight {rPois Stlth+} (You found it in a treasure trove)
 81947 | Depths:4 | Identified the ring "Udism" {rC+ MR+ Slay+1} (You found it in a treasure trove)
 81949 | Depths:4 | Identified the ring of Poanok {*Slow Int+4 Dex+7 Stlth+} (You found it in a treasure trove)
 81953 | Depths:4 | Identified the ring "Gauzxay" {EV+5 Dex+4} (You found it in a treasure trove)
 82074 | Depths:4 | Reached skill level 23 in Earth Magic
 83381 | Depths:4 | Got a polished battleaxe {elec}
 83418 | Depths:4 | Identified the +10 battleaxe of Flawed Execution {elec, +Inv} (You took it off a frost giant on level 4 of the Depths)
 83500 | Depths:4 | Received a gift from Sif Muna
 83692 | Depths:5 | Entered Level 5 of the Depths
 83693 | Depths:5 | Found Fumeod's General Store.
 83720 | Depths:5 | Found a runed door.
 83973 | Depths:5 | Reached skill level 24 in Earth Magic
 84382 | Depths:5 | Found a gate to the Realm of Zot.
 85241 | Depths:5 | Found a radiant altar of Vehumet.
 86193 | Depths:1 | Identified 6 scrolls of acquirement
 86478 | Slime:1  | Entered Level 1 of the Pits of Slime
 86727 | Spider:3 | Killed Mara
 87040 | Depths:1 | Learned a level 5 spell: Aura of Abjuration
 87055 | Depths:1 | Received a gift from Sif Muna
 87660 | Hell     | Killed Geryon
 87737 | Hell     | Reached skill level 1 in Ice Magic
 87938 | Hell     | Identified Ivoho's Handbook of Enchantment (Sif Muna gifted it to you in the Vestibule of Hell)
 87938 | Hell     | Received a gift from Sif Muna
 87938 | Hell     | Reached skill level 5 in Ice Magic
 88090 | Hell     | Found a gateway to the decaying netherworld of Tartarus.
 88180 | Hell     | Found a gateway to the ashen valley of Gehenna.
 88604 | Hell     | Received a gift from Sif Muna
 88605 | Hell     | Identified Sif Muna's Almanac of Bewitching Ignition (Sif Muna gifted it to you in the Vestibule of Hell)
 88777 | Hell     | Found a gateway to the freezing wastes of Cocytus.
 88887 | Hell     | Found a gateway to the Iron City of Dis.
 89805 | Slime:1  | Reached skill level 10 in Ice Magic
 90540 | Slime:2  | Noticed martbhell's ghost (journeyman MiBe)
 90563 | Slime:2  | Killed martbhell's ghost
 90563 | Slime:2  | Identified Sif Muna's Volume of Assistive Execration (Sif Muna gifted it to you on level 2 of the Pits of Slime)
 90563 | Slime:2  | Received a gift from Sif Muna
 91052 | Slime:3  | Gained mutation: Your body sometimes deteriorates upon taking damage. [a shining eye]
 91070 | Slime:3  | Gained mutation: Your magical capacity is low. (-10% MP) [a shining eye]
 91230 | Slime:3  | Noticed Dissolution
 91243 | Slime:3  | Killed Dissolution
 91505 | Slime:3  | Identified Sif Muna's Papyrus of Feathers and Moulding (Sif Muna gifted it to you on level 3 of the Pits of Slime)
 91505 | Slime:3  | Received a gift from Sif Muna
 91870 | Slime:4  | Noticed YetiFiasco's ghost (legendary MiBe)
 91942 | Slime:4  | Killed YetiFiasco's ghost
 92363 | Slime:5  | Entered Level 5 of the Pits of Slime
 92503 | Slime:5  | Gained mutation: You are weak. (Str -2) [a shining eye]
 92514 | Slime:5  | Reached skill level 15 in Spellcasting
 92568 | Slime:5  | Identified Judanoun's Grimoire of Ghastly Summoning (Sif Muna gifted it to you on level 5 of the Pits of Slime)
 92568 | Slime:5  | Received a gift from Sif Muna
 92891 | Slime:5  | Gained mutation: You expend magic power (3 MP) to strengthen your wands. [a shining eye]
 92959 | Slime:5  | Found a viscous altar of Jiyva.
 92964 | Slime:5  | Noticed the Royal Jelly
 93085 | Slime:5  | Gained mutation: Your body often deteriorates upon taking damage. [a shining eye]
 93117 | Slime:5  | HP: 8/203 [acid (13)]
 93118 | Slime:5  | HP: 2/203 [acid blob/splash of acid (6)]
 93118 | Slime:5  | Splashed by an acid blob's acid

Skill      XL: |  1  2  3  4  5  6  7  8  9 10 11 12 13 14 15 16 17 18 19 20 21 22 23 24 25 26 27 |
---------------+----------------------------------------------------------------------------------+-----
Fighting       | 1 2 3 4 5 6 7 8 9 10 11 12 13 14 | 14.0
Dodging        | 2 3 4 5 6 7 8 |  8.0
Armour         | 2 3 4 5 6 7 8 9 10 11 | 11.0
Stealth        | 4 5 6 7 8 10 11 12 13 14 | 14.0
Hexes          | 6 9 12 13 14 16 17 18 19 | 19.3
Spellcasting   | 3 4 5 6 7 8 10 11 12 14 15 | 15.0
Polearms       | 2 3 4 |  4.5
Charms         | 2 4 6 7 10 11 | 11.0
Necromancy     | 2 4 6 7 8 10 12 | 12.0
Axes           | 2 3 |  3.9
Poison Magic   | 3 7 11 13 | 13.0
Conjurations   | 2 4 5 7 8 |  8.0
Air Magic      | 2 3 6 7 8 9 |  9.0
Summonings     | 5 6 8 10 12 | 12.0
Shields        | 7 11 15 16 | 16.0
Staves         | 4 10 13 | 13.7
Evocations     | 3 6 7 8 |  8.0
Transmutations | 4 6 11 14 | 14.0
Earth Magic    | 10 13 19 24 | 24.0
Ice Magic      | 13 | 13.0
Short Blades   | |  1.0

Action                   |  1- 3 |  4- 6 |  7- 9 | 10-12 | 13-15 | 16-18 | 19-21 | 22-24 | 25-27 || total
-------------------------+-------+-------+-------+-------+-------+-------+-------+-------+-------++-------
Melee: Dagger            |    69 |       |       |       |       |       |       |       |       ||    69
       Short sword       |    25 |   194 |   215 |       |       |       |       |       |       ||   434
       Halberd           |       |    21 |   236 |       |   676 |   563 |    87 |       |       ||  1583
       Whip              |       |       |     5 |       |    16 |       |       |       |       ||    21
       Trident           |       |       |       |   792 |   269 |    37 |    34 |       |       ||  1132
       Hand axe          |       |       |       |    15 |    51 |   400 |       |       |       ||   466
       War axe           |       |       |       |       |       |   154 |       |       |       ||   154
       Lajatang          |       |       |       |       |       |       |   989 |  1605 |  2531 ||  5125
       Scimitar          |       |       |       |       |       |       |    86 |       |       ||    86
       Great mace        |       |       |       |       |       |       |       |    50 |       ||    50
       Staff             |       |       |       |       |       |       |       |       |     1 ||     1
 Fire: Shortbow          |       |       |       |       |    55 |     6 |       |       |       ||    61
 Cast: Corona            |    26 |    63 |    79 |    14 |       |       |       |       |       ||   182
       Confuse           |       |       |    42 |    87 |   144 |   155 |   138 |    62 |    82 ||   710
       Spectral Weapon   |       |       |       |   102 |   169 |   232 |   202 |   196 |   314 ||  1215
       Regeneration      |       |       |       |    28 |    89 |   185 |   172 |   147 |   283 ||   904
       Slow              |       |       |       |     6 |    74 |   125 |    78 |    21 |    44 ||   348
       Mephitic Cloud    |       |       |       |       |    24 |    98 |    43 |    46 |    31 ||   242
       Sublimation of Bl |       |       |       |       |     1 |    29 |    27 |       |   155 ||   212
       Silence           |       |       |       |       |       |     2 |    17 |    36 |    29 ||    84
       Fulminant Prism   |       |       |       |       |       |    25 |     2 |       |     9 ||    36
       Summon Mana Viper |       |       |       |       |       |    16 |    47 |    10 |    27 ||   100
       Swiftness         |       |       |       |       |       |     1 |       |       |       ||     1
       Lee's Rapid Decon |       |       |       |       |       |       |       |       |   191 ||   191
       Invisibility      |       |       |       |       |       |       |       |       |     2 ||     2
       Statue Form       |       |       |       |       |       |       |       |       |     2 ||     2
       Aura of Abjuratio |       |       |       |       |       |       |       |       |     1 ||     1
Invok: Divine Energy     |       |       |       |       |       |     3 |     3 |       |     2 ||     8
       Stop Divine Energ |       |       |       |       |       |     3 |     3 |       |     2 ||     8
 Abil: Dig               |     1 |     6 |    10 |    51 |    37 |    50 |    15 |     4 |    60 ||   234
       Evoke Flight      |       |       |       |       |       |       |    21 |       |     7 ||    28
Evoke: Lamp of fire      |       |       |       |       |     1 |     1 |     1 |     2 |       ||     5
       Phial of floods   |       |       |       |       |       |       |       |     2 |       ||     2
  Use: Scroll            |       |       |       |    10 |       |     2 |     3 |     3 |    28 ||    46
       Potion            |       |       |       |       |     1 |     3 |     1 |       |     1 ||     6
 Stab: Sleeping          |     2 |     2 |     1 |     6 |     8 |     6 |     3 |    14 |     1 ||    43
       Confused          |       |       |    20 |    30 |    59 |    93 |    67 |    37 |    29 ||   335
       Distracted        |       |       |       |     2 |     7 |     6 |    18 |    16 |    45 ||    94
       Invisible         |       |       |       |       |       |       |       |       |    13 ||    13
  Eat: Chunk             |     2 |    11 |    23 |    46 |    49 |    56 |    48 |    44 |    85 ||   364
       Ration            |       |       |       |       |     1 |     4 |     7 |     3 |    11 ||    26
Armor: Ring mail         |    21 |    69 |    24 |   155 |   265 |   650 |   135 |       |       ||  1319
       Robe              |     3 |       |       |       |    41 |     1 |       |     2 |     2 ||    49
       Scale mail        |       |       |   116 |     9 |       |       |       |       |       ||   125
       Troll leather arm |       |       |       |    43 |     4 |       |       |       |       ||    47
       Swamp dragon scal |       |       |       |       |       |       |   361 |   326 |       ||   687
       Plate armour      |       |       |       |       |       |       |    43 |   106 |   707 ||   856
       Skin              |       |       |       |       |       |       |       |       |    20 ||    20
Dodge: Dodged            |    37 |   112 |   174 |   294 |   466 |   661 |   510 |   399 |   715 ||  3368
Block: Other             |       |       |    25 |    39 |    40 |    59 |       |       |       ||   163
       Reflection        |       |       |       |     1 |     2 |    15 |    12 |    34 |       ||    64
       Large shield      |       |       |       |    28 |       |       |       |   658 |  2174 ||  2860
       Buckler           |       |       |       |       |       |    31 |    29 |       |       ||    60
       Shield            |       |       |       |       |       |       |   657 |   383 |       ||  1040
       Rpst.: Scimitar   |       |       |       |       |       |       |     2 |       |       ||     2
